 Dungeon Crawl Stone Soup version 0.19-a0-1057-g15bb84d (webtiles) character file.

192 Lokkij the Chiller (level 5, -3/42 HPs)
             Began as a Naga Ice Elementalist on Aug 2, 2016.
             Was an Initiate of Sif Muna.
             Slain by a gnoll (7 damage)
             ... on level 4 of the Dungeon.
             The game lasted 00:09:50 (3758 turns).

Lokkij the Chiller (Naga Ice Elementalist)          Turns: 3758, Time: 00:09:50

Health: -3/42      AC: 11    Str: 11    XL:     5   Next: 71%
Magic:  4/10       EV: 15    Int: 21    God:    Sif Muna [......]
Gold:   91         SH:  0    Dex: 16    Spells: 2 memorised, 6 levels left

rFire  . . .     SeeInvis +     j - +0 hand axe (curse)
rCold  . . .     Gourm    .     a - +0 robe
rNeg   . . .     Faith    .     (no shield)
rPois  +         Spirit   .     (no helmet)
rElec  .         Dismiss  .     (no cloak)
rCorr  .         Reflect  .     o - +0 pair of gloves
SustAt .         Harm     .     (no barding)
MR     .....                    (no amulet)
Stlth  ++++......               (no ring)
                                (no ring)

@: brilliant, agile, icy armour, very slow, not resistant to hostile
enchantments, stealthy
A: molten scales 1, see invisible, deformed body, poison resistance, slowness 2,
slow metabolism 1, spit poison 2, AC +1
a: Spit Poison, Renounce Religion


You were on level 4 of the Dungeon.
You worshipped Sif Muna.
Sif Muna was noncommittal.
You were not hungry.

You visited 1 branch of the dungeon, and saw 4 of its levels.

You collected 91 gold pieces.

Inventory:

Hand Weapons
 j - a cursed +0 hand axe (weapon)
Armour
 a - a +0 robe (worn)
 o - a +0 pair of gloves (worn)
Jewellery
 l - an uncursed amulet of regeneration {unknown}
Scrolls
 e - a scroll of magic mapping {unknown}
 g - a scroll of fear
 h - a scroll of noise {unknown}
 m - a scroll of identify
 q - a scroll of remove curse {unknown}
 s - a scroll of teleportation {unknown}
 t - a scroll of fog {unknown}
Potions
 d - a potion of ambrosia {unknown}
 n - a potion of beneficial mutation {unknown}
 u - a potion of agility
Books
 b - a book of Frost

   Spells                             Type                      Level
   a - Freeze                         Ice                          1
   b - Throw Frost                    Conjuration/Ice              2
   c - Ozocubu's Armour               Charms/Ice                   3
   d - Throw Icicle                   Conjuration/Ice              4
   e - Summon Ice Beast               Ice/Summoning                4
Comestibles
 c - 2 bread rations
 i - a meat ration
 p - a slice of pizza


   Skills:
 - Level 1.5 Dodging
 - Level 3.0 Stealth
 + Level 3.3 Spellcasting
   Level 1.0 Conjurations
 * Level 5.3 Ice Magic


You had 6 spell levels left.
You knew the following spells:

 Your Spells              Type           Power        Failure   Level  Hunger
a - Freeze                Ice            ####         1%          1    None
b - Ozocubu's Armour      Chrm/Ice       ####....     1%          3    ###....


Dungeon Overview and Level Annotations

Branches:
Dungeon (4/15)
 Temple: D:4-7

Altars:
Cheibriados
Dithmenos
Sif Muna
Zin


Innate Abilities, Weirdness & Mutations

You cannot wear boots.
Your serpentine skin is tough. (AC +1)
You have supernaturally acute eyesight. (SInv)
Armour fits poorly on your strangely shaped body.
Your system is resistant to poisons. (rPois)
You cover ground very slowly.
You have a slow metabolism.
You can spit poison.
You are partially covered in molten scales. (AC +2)


Message History

* * * LOW HITPOINT WARNING * * *
You feel better. The gnoll misses you. The gnoll closely misses you.
The gnoll hits you with a whip of electrocution.
* * * LOW HITPOINT WARNING * * *
Casting: Freeze
Confirm with . or Enter, or press ? or * to list all spells.
Aiming: Freeze
Press: ? - help, Shift-Dir - straight line, f/p - gnoll
Aim: a gnoll, wielding a whip of electrocution (almost dead, fast)
You freeze the gnoll.
You kill the gnoll!
Sif Muna accepts your kill. The gnoll completely misses you.
Casting: Freeze
Confirm with . or Enter, or press ? or * to list all spells.
A film of ice covers your body! The gnoll hits you but does no damage.
It was a potion of brilliance.
You feel clever all of a sudden. The gnoll misses you. The gnoll hits you!
You die...

#. #+## #. #...##
#.##### #.....#
#.....#####.......
#.......#g.......
#.>.....@g.......
#....##.#g.......
#.#.###.##.......
#.......# #.....#
#.####### #...##
#.# #+## #.# #.#
#.# #.# #.# ##.##


You could see a gnoll shaman and 2 gnolls.

Vanquished Creatures
  An orc wizard (D:3)
  Jessica (D:3)
  Ijyb (D:2)
  2 gnolls
  An adder (D:3)
  4 worms (D:2)
  A dart slug (D:2)
  3 giant geckos
  5 orcs (D:3)
  2 giant cockroaches (D:1)
  2 goblins
  6 hobgoblins
  6 jackals
  6 kobolds
  A quokka (D:2)
  A ball python (D:2)
  10 bats
  3 giant newts
  7 rats
63 creatures vanquished.

Notes
Turn   | Place    | Note
-------+----------+-------------------------------------------
     0 | D:1      | Lokkij the Naga Ice Elementalist began the quest for the Orb.
     0 | D:1      | Reached XP level 1. HP: 15/15 MP: 3/3
   285 | D:1      | Reached XP level 2. HP: 15/22 MP: 0/5
   836 | D:1      | Reached XP level 3. HP: 14/28 MP: 1/6
  1169 | D:2      | Learned a level 3 spell: Ozocubu's Armour
  1279 | D:2      | Reached skill level 4 in Ice Magic
  1727 | D:2      | Noticed Ijyb
  1741 | D:2      | Killed Ijyb
  1741 | D:2      | Reached XP level 4. HP: 26/36 MP: 0/8
  1813 | D:2      | Found a deep blue altar of Sif Muna.
  1823 | D:2      | Became a worshipper of Sif Muna the Loreminder
  2749 | D:3      | Noticed Jessica
  2760 | D:3      | Killed Jessica
  2760 | D:3      | Reached XP level 5. HP: 36/42 MP: 5/9
  2823 | D:3      | Gained mutation: You are partially covered in molten scales. (AC +2) [potion of mutation]
  2823 | D:3      | Gained mutation: You are clumsy. (Dex -2) [potion of mutation]
  2823 | D:3      | Lost mutation: You are clumsy. (Dex -2) [potion of mutation]
  2944 | D:3      | Reached skill level 5 in Ice Magic
  3007 | D:3      | Found a shadowy altar of Dithmenos.
  3045 | D:3      | Found a snail-covered altar of Cheibriados.
  3045 | D:3      | Found a glowing silver altar of Zin.
  3754 | D:4      | HP: 1/42 [gnoll/whip of electrocution (8)]
  3758 | D:4      | Slain by a gnoll

Vault maps used:
D:1:      scummos_arrival_simple_fountains
D:2:      nicolae_overflow_crystal_walls, uniq_iyjb
D:3:      gammafunk_temple_overflow_wave,
          nicolae_dithmenos_through_a_glass_darkly, uniq_jessica
D:4:      old_standard_altar, first_bread

Skill      XL: |  1  2  3  4  5 |
---------------+----------------+-----
Ice Magic      | 4 5 |  5.3
Spellcasting   | 3 |  3.3
Dodging        | |  1.5
Stealth        | |  3.0
Conjurations   | |  1.0

Action                   |  1- 3 |  4- 6 || total
-------------------------+-------+-------++-------
Melee: Unarmed           |    13 |       ||    13
       Hand axe          |    37 |    71 ||   108
 Cast: Freeze            |    46 |    33 ||    79
       Ozocubu's Armour  |     1 |     1 ||     2
  Use: Potion            |     1 |     7 ||     8
       Scroll            |       |     2 ||     2
 Stab: Sleeping          |     1 |     8 ||     9
  Eat: Chunk             |     2 |     6 ||     8
Armor: Robe              |    30 |    25 ||    55
Dodge: Dodged            |    72 |    65 ||   137
